AoeStats
← DonkeyKong

Arabia

510441941Analyzed
1v1 RM · 1d ago on Oct 1, 2026· 31m 33s· 2 players
Game mode
Random Map
Map size
Tiny (2 player)
Population
200
Speed
Normal
Resources
Standard
Victory
Conquest
Starting age
Dark Age
Ending age
Imperial Age
RankedLock teamsTeams togetherTeam positionsShared explorationLock speedFull tech treeHidden civsTurbo modeCheats
Victory
Defeat
🇹🇼 Burgundians · Taiwan
1395
+17
🇹🇷 Varangians · Türkiye
1419
-17
DonkeyKong
3:44 Double-Bit Axe
6:50 Loom
9:05 Feudal Age
10:29 Bow Saw
14:21 Fletching
17:40 Forging
19:23 Horse Collar
22:28 Castle Age
21:28 Scale Barding Armor
22:57 Pikeman
younusphilipz
6:34 Loom
9:19 Feudal Age
10:01 Double-Bit Axe
13:41 Bloodlines
14:47 Bloodlines
19:25 Wheelbarrow
20:58 Forging
22:48 Scale Barding Armor
23:31 Scale Mail Armor
29:51 Castle Age
30:10 Pikeman
31:08 Chain Mail Armor
Connection lost

Rejoining the realm…

Still unreachable

The connection could not be restored.

Session expired

The server has moved on; the page needs a fresh start.